 Dungeon Crawl Stone Soup version 0.28.0-53-g5a82cb258f (webtiles) character file.

Game seed: 11628169797292731566

1428 quixfox the Cleaver (level 8, -2/73 HPs)
             Began as a Minotaur Fighter on July 13, 2022.
             Slain by a vampire mosquito (10 damage)
             ... on level 4 of the Dungeon.
             The game lasted 00:08:00 (3614 turns).

quixfox the Cleaver (Minotaur Fighter)              Turns: 3614, Time: 00:08:01

Health: -2/73      AC: 10    Str: 23    XL:     8   Next: 44%
Magic:  7/7        EV:  7    Int:  5    God:
Gold:   230        SH:  4    Dex: 10    Spells: 7/7 levels left

rFire   . . .      SeeInvis .   m - +1 war axe (vorpal)
rCold   . . .      Faith    .   c - +0 buckler
rNeg    . . .      Spirit   .   e - +0 chain mail
rPois   .          Reflect  .   (helmet restricted)
rElec   .          Harm     .   (no cloak)
rCorr   .          Rampage  .   (no gloves)
Will    .....                   (no boots)
Stlth   ..........              (no amulet)
HPRegen 0.22/turn               (no ring)
MPRegen 0.10/turn               (no ring)

@: no status effects
A: horns 2, retaliatory headbutt
a: no special abilities


You were on level 4 of the Dungeon.
You visited 1 branch of the dungeon, and saw 5 of its levels.

You collected 254 gold pieces.
You spent 24 gold pieces at shops.

Inventory:

Hand Weapons
 a - the +8 executioner's axe "Haitoc" {flame, Contam +Blink Int+4}
   (You found it on level 3 of the Dungeon)

   It burns those it strikes, dealing additional fire damage.
   Big, fiery blades are also staple armaments of hydra-hunters.
   Int:       It affects your intelligence (+4).
   +Blink:    It lets you blink.
   Contam:    It causes magical contamination when unequipped.
 m - a +1 vorpal war axe (weapon)
 r - a +0 broad axe
Armour
 c - a +0 buckler (worn)
 e - a +0 chain mail (worn)
Jewellery
 l - the dreamshard necklace {*Dream Drain}
   (You found it on level 3 of the Dungeon)

   [amulet of nothing]

   It shatters if its wearer takes lethal or near-lethal damage, preventing the
   blow and releasing protective dreams that heal and fight for the wearer.
   Drain:     It drains your maximum health when unequipped.
Scrolls
 d - a scroll of vulnerability {unknown}
 g - 2 scrolls of immolation {unknown}
 h - a scroll of blinking {unknown}
 i - a scroll of torment {unknown}
 k - a scroll of teleportation {unknown}
 n - 2 scrolls of fog
 p - a scroll of identify {unknown}
 q - a scroll of acquirement {unknown}
Potions
 b - 2 potions of magic {unknown}
 f - 2 potions of heal wounds {unknown}
 j - a potion of attraction {unknown}
 o - a potion of resistance {unknown}


   Skills:
 + Level 7.2 Fighting
 * Level 9.2 Axes
 + Level 7.2 Armour
 - Level 3.6 Shields


You had 7 spell levels left.
You didn't know any spells.
Your spell library contained the following spells:

 Spells                   Type           Power      Damage    Failure   Level
 Poisonous Vapours        Pois/Air       0%         N/A       100%        2
 Ignite Poison            Fire/Tmut/Pois 0%         N/A       100%        3
 Mephitic Cloud           Conj/Pois/Air  0%         N/A       100%        3
 Spider Form              Tmut/Pois      0%         N/A       100%        3
 Olgreb's Toxic Radiance  Pois           0%         N/A       100%        4
 Freezing Cloud           Conj/Ice/Air   0%         6-21      100%        5
 Eringya's Noxious Bog    Tmut/Pois      0%         N/A       100%        6


Dungeon Overview and Level Annotations

Branches:
Dungeon (5/15)
 Temple: D:4-7

Altars:
Fedhas
Sif Muna
Vehumet

Shops:
D:3 (?=   D:4 (*

Annotations:
D:3 1 runed translucent door, Crazy Yiuf


Innate Abilities, Weirdness & Mutations

You have a pair of horns on your head.
You reflexively headbutt those who attack you in melee.


Message History

The vampire mosquito bites you but does no damage. x2
The vampire mosquito bites you.
The vampire mosquito draws strength from your injuries!
You closely miss the vampire mosquito. You headbutt the vampire mosquito!
The vampire mosquito is moderately damaged.
You barely miss the vampire mosquito.
The vampire mosquito barely misses you. x2
The vampire mosquito bites you but does no damage.
The vampire mosquito bites you.
The vampire mosquito draws strength from your injuries!
You closely miss the vampire mosquito.
The vampire mosquito is moderately damaged.
You slash the vampire mosquito!
You destroy the vampire mosquito!
The vampire mosquito bites you but does no damage.
The vampire mosquito barely misses you. You furiously retaliate!
You headbutt the vampire mosquito. You miss the vampire mosquito.
The vampire mosquito is heavily damaged.
The vampire mosquito bites you.
The vampire mosquito draws strength from your injuries!
The vampire mosquito barely misses you.
You closely miss the vampire mosquito.
The vampire mosquito is moderately damaged.
The vampire mosquito bites you.
* * * LOW HITPOINT WARNING * * *
The vampire mosquito draws strength from your injuries!
The vampire mosquito bites you!
* * * LOW HITPOINT WARNING * * *
The vampire mosquito draws strength from your injuries!
You closely miss the vampire mosquito.
The vampire mosquito bites you but does no damage.
The vampire mosquito bites you.
* * * LOW HITPOINT WARNING * * *
The vampire mosquito draws strength from your injuries!
Unknown command.
You closely miss the vampire mosquito.
The vampire mosquito bites you but does no damage.
The vampire mosquito barely misses you. You furiously retaliate!
You headbutt the vampire mosquito! The vampire mosquito bites you!
You die...

## #########. #####
#......... #######...#
########## #.........#
#........)#
#.........#####
#...[..@......##########
#.....y##.###...†.......
#...<..##.# ############
#......##.# #
#.......#.# ##
#....[..#.## #### #.
#####.#....#####..## #.
#.###.....#....####.
#..##.###...........


You could see a vampire mosquito.

Vanquished Creatures
  Pikel (D:5)
  Grinder (D:5)
  Eustachio (D:4)
  A vampire mosquito (D:4)
  Edmund (D:4)
  A black bear (D:5)
  A lemure (D:5)
  A scorpion (D:3)
  2 hounds
  An orc priest (D:3)
  A centaur skeleton (D:4)
  A hound skeleton (D:4)
  An adder (D:4)
  2 worms
  3 dart slugs
  9 orcs
  10 bats
  8 endoplasms
  3 giant cockroaches
  6 goblins
  4 hobgoblins
  4 jackals (D:4)
  7 kobolds
  2 quokkas
  5 ball pythons
  5 frilled lizards
  6 rats
88 creatures vanquished.

Notes
Turn   | Place    | Note
-------+----------+-------------------------------------------
     0 | D:1      | quixfox the Minotaur Fighter began the quest for the Orb.
     0 | D:1      | Reached XP level 1. HP: 19/19 MP: 0/0
   203 | D:1      | Reached XP level 2. HP: 27/27 MP: 1/1
   223 | D:1      | Reached skill level 3 in Axes
   451 | D:1      | Found a faded altar of an unknown god.
   888 | D:2      | Got Luthrah's Compendium of Contamination
   920 | D:2      | Reached XP level 3. HP: 33/33 MP: 2/2
  1429 | D:2      | Found a shimmering blue altar of Sif Muna.
  1634 | D:3      | Reached skill level 4 in Axes
  1634 | D:3      | Reached XP level 4. HP: 39/41 MP: 3/3
  1861 | D:3      | Found a blossoming altar of Fedhas.
  1863 | D:3      | Found a radiant altar of Vehumet.
  1895 | D:3      | Found the dreamshard necklace {*Dream Drain}
  1924 | D:3      | Found a runed translucent door.
  1925 | D:3      | Noticed Crazy Yiuf
  2036 | D:3      | Identified the +8 executioner's axe "Haitoc" {flame, Contam
                  | +Blink Int+4}
  2048 | D:3      | Found Hoozof's Magic Scroll Shop.
  2053 | D:3      | Bought a scroll of fog for 24 gold pieces
  2096 | D:3      | Found Mucleah's Weapon Boutique.
  2097 | D:3      | Noticed a scorpion
  2099 | D:3      | Killed a scorpion
  2100 | D:3      | Reached XP level 5. HP: 44/47 MP: 4/4
  2101 | D:3      | Reached skill level 5 in Axes
  2185 | D:3      | Found Acru's Jewellery Boutique.
  2399 | D:4      | Noticed Eustachio
  2407 | D:4      | Killed Eustachio
  2408 | D:4      | Reached skill level 5 in Fighting
  2408 | D:4      | Reached skill level 5 in Armour
  2408 | D:4      | Reached XP level 6. HP: 29/56 MP: 5/5
  2564 | D:4      | Found Byshu's Antique Weapon Emporium.
  2574 | D:4      | Noticed Edmund
  2593 | D:4      | Killed Edmund
  2594 | D:4      | Reached skill level 6 in Axes
  2934 | D:4      | Found Puesh's Assorted Antiques.
  2982 | D:4      | Reached XP level 7. HP: 62/62 MP: 6/6
  3169 | D:5      | Entered Level 5 of the Dungeon
  3169 | D:5      | Noticed Pikel
  3171 | D:5      | Noticed Grinder
  3286 | D:5      | Killed Pikel
  3287 | D:5      | Reached skill level 8 in Axes
  3287 | D:5      | Reached XP level 8. HP: 24/71 MP: 7/7
  3516 | D:5      | Killed Grinder
  3553 | D:5      | Reached skill level 9 in Axes
  3614 | D:4      | Slain by a vampire mosquito

Illustrated notes

Levels and vault maps discovered:
D:1:      saegor_arrival_simple_c, layout_rooms,
          shapermc_ecumenical_altar_mp_vishouse
D:2:      layout_loops_corners, basic_altar
D:3:      wander_river, layout_basic, mainiacjoe_overflow_catwalk_spiral,
          serial_shops, nicolae_shop_bloodbath_and_beyond, shop, shop,
          uniq_crazy_yiuf_cottage
D:4:      layout_rooms, serial_shops, shop, shop, kennysheep_generic_room_8,
          uniq_edmund, uniq_eustachio
D:5:      layout_basic, uniq_grinder, uniq_pikel

Skill      XL: |  1  2  3  4  5  6  7  8 |
---------------+-------------------------+-----
Axes           | 3 4 5 6 8 9 |  9.2
Fighting       | 4 5 6 7 |  7.2
Armour         | 4 5 6 7 |  7.2
Shields        | |  3.6

Action                   |  1- 3 |  4- 6 |  7- 9 || total
-------------------------+-------+-------+-------++-------
Melee: War axe           |    71 |    70 |    50 ||   191
       Headbutt          |    12 |     9 |     6 ||    27
  Use: Potion            |       |     1 |       ||     1
Armor: Scale mail        |     2 |       |       ||     2
       Chain mail        |    43 |    49 |    40 ||   132
Dodge: Dodged            |    19 |    21 |    28 ||    68
Block: Buckler           |    14 |    10 |    13 ||    37
